 Dungeon Crawl Stone Soup version 0.14.2 (webtiles) character file.

1 Amnesiac the Charlatan (level 1, 0/9 HPs)
             Began as a Spriggan Artificer on Feb 9, 2018.
             Slain by a hobgoblin (4 damage)
             ... on Level 1 of the Dungeon.
             The game lasted 00:00:11 (46 turns).

Amnesiac the Charlatan (Spriggan Artificer)           Turns: 46, Time: 00:00:11

HP   0/9         AC  2     Str  7      XL: 1   Next: 16%
MP   2/2         EV 18     Int 13      God:
Gold 0           SH  0     Dex 16      Spells:  0 memorised,  0 levels left

rFire  . . .     SeeInvis +     a - +0 short sword
rCold  . . .     Clarity  .     e - +0 robe
rNeg   . . .     Conserve .     (shield restricted)
rPois  .         rCorr    .     (helmet restricted)
rElec  .         rRot     .     (no cloak)
SustAb . .       Spirit   .     (gloves unavailable)
rMut   .         Warding  .     (boots unavailable)
Saprov . . .     Stasis   .     (no amulet)
MR     .....                    (no ring)
                                (no ring)

@: very quick, not resistant to hostile enchantments, fairly stealthy
A: unfitting armour, see invisible, herbivore 3, speed 3, slow metabolism 2
a: no special abilities


You were on level 1 of the Dungeon.
You were not hungry.

You visited 1 branch of the dungeon, and saw 1 of its levels.

Inventory:

Hand weapons
 a - a +0,+0 short sword (weapon)
Missiles
 h - 17 sling bullets of flame
Armour
 e - a +0 robe (worn)
Magical devices
 b - a wand of flame (15)
 c - a wand of enslavement (15)
 d - a wand of random effects (15)
Potions
 f - a potion of porridge {!q}
 g - 2 potions of heal wounds {!q, unknown}


   Skills:
 + Level 0.8 Fighting
 - Level 1.1 Short Blades
 + Level 3.0 Dodging
 - Level 1.5 Stealth
 * Level 4.1 Evocations


You couldn't memorise any spells.
You didn't know any spells.

Dungeon Overview and Level Annotations

Branches:
Dungeon (1/15)

Altars:


Innate Abilities, Weirdness & Mutations

You are tiny and cannot use many weapons and most armour.
You have supernaturally acute eyesight.
You are a herbivore.
You cover ground extremely quickly.
You need consume almost no food.


Message History

Welcome, Amnesiac the Spriggan Artificer.
The bosom of this dungeon contains the most powerful artefact, the Orb of Zot.
Press ? for a list of commands and other information.
Found 2 glowing pink potions.
Found a staircase leading out of the dungeon.
g - 2 glowing pink potions {!q}
Found 17 sling bullets of flame.
A giant newt comes into view.
A hobgoblin comes into view.
You see here 17 sling bullets of flame.
h - 17 sling bullets of flame A hobgoblin comes into view.
The hobgoblin misses you.
You closely miss the hobgoblin. The giant newt misses you.
The hobgoblin hits you.
You hit the hobgoblin.
The hobgoblin is moderately wounded.
The hobgoblin shouts!
The giant newt completely misses you. The hobgoblin misses you.
You hit the hobgoblin.
The hobgoblin is severely wounded.
The giant newt completely misses you.
The hobgoblin hits you but does no damage.
The giant newt hisses menacingly.
The giant newt closely misses you.
You closely miss the hobgoblin.
The hobgoblin is severely wounded.
The hobgoblin misses you. The giant newt bites you.
You hit the hobgoblin but do no damage.
The hobgoblin is severely wounded.
The hobgoblin completely misses you. The giant newt barely misses you.
You barely miss the hobgoblin.
The hobgoblin is severely wounded.
The hobgoblin hits you but does no damage.
You closely miss the hobgoblin.
The hobgoblin is severely wounded.
The hobgoblin barely misses you.
You closely miss the hobgoblin.
The hobgoblin is severely wounded.
The hobgoblin completely misses you.
You closely miss the hobgoblin.
The hobgoblin is severely wounded.
The hobgoblin hits you.
* * * LOW HITPOINT WARNING * * *
You closely miss the hobgoblin.
The hobgoblin is heavily wounded.
The hobgoblin completely misses you.
You completely miss the hobgoblin.
The hobgoblin is heavily wounded.
The hobgoblin misses you.
You hit the hobgoblin.
You kill the hobgoblin!
You closely miss the hobgoblin. The hobgoblin closely misses you.
You barely miss the hobgoblin. The hobgoblin hits you.
You die...

...........#
...........####
.................
............#
............####.
.................
........l........
########g#######.
####@## #.....#
#.################
#................#
#...............<#
#................#
##################


You could see a hobgoblin and a giant newt.

Vanquished Creatures
  A hobgoblin (D:1)
1 creature vanquished.

Notes
Turn   | Place    | Note
--------------------------------------------------------------
     0 | D:1      | Amnesiac, the Spriggan Artificer, began the quest for the Orb.
     0 | D:1      | Reached XP level 1. HP: 9/9 MP: 2/2
    46 | D:1      | Slain by a hobgoblin

Action                   || total
-------------------------++-------
Melee: Short sword       ||    14
